 Dungeon Crawl Stone Soup version 0.27-a0-1202-ge72e49191c (webtiles) character file.

Game seed: 7205468113557804925

639 Strat the Ducker (level 7, 33/33 HPs)
             Began as a Felid Ice Elementalist on June 4, 2021.
             Was an Initiate of Gozag.
             Quit the game on level 6 of the Dungeon.
             The game lasted 00:24:05 (10247 turns).

Strat the Ducker (Felid Ice Elementalist)          Turns: 10247, Time: 00:24:06

Health: 33/33      AC:  6    Str:  4    XL:     7   Next: 26%
Magic:  11/11      EV: 22    Int: 16    God:    Gozag
Gold:   653        SH:  0    Dex: 19    Spells: 3/10 levels left
                                        Lives:  1   Deaths: 1

rFire    . . .     SeeInvis +   (weapon unavailable)
rCold    . . .     Faith    .   (shield unavailable)
rNeg     + . .     Spirit   .   (armour unavailable)
rPois    .         Reflect  .   (helmet unavailable)
rElec    .         Harm     .   (cloak unavailable)
rCorr    .         Rampage  .   (gloves unavailable)
Will     +....                  (boots unavailable)
Stlth    +++.......             (no amulet)
HPRegen  0.11/turn              e - ring of positive energy
MPRegen  0.12/turn              f - +4 ring of protection

@: quick
A: very small, claws 1, fangs 3, see invisible, speed 1, shaggy fur 2, stealthy
paws, no weapons or thrown items, no armour, multi-lived
a: Renounce Religion, Potion Petition, Call Merchant, Bribe Branch


You were on level 6 of the Dungeon.
You worshipped Gozag.
Gozag was pleased with you.
You visited 1 branch of the dungeon, and saw 7 of its levels.

You collected 738 gold pieces.
You paid 85 gold pieces to Gozag.

Inventory:

Jewellery
 e - a ring of positive energy (left paw)
 f - a +4 ring of protection (right paw)
Wands
 m - a wand of mindburst (15)
 n - a wand of polymorph (9)
 o - a wand of flame (3)
Scrolls
 a - a scroll of identify
Potions
 b - a potion of mutation
 c - a potion of haste
 d - 3 potions of heal wounds
 g - a potion of ambrosia
 h - a potion of might {unknown}
 i - 2 potions of lignification
 k - a potion of brilliance
 l - a potion of curing


   Skills:
 + Level 4.7 Fighting
 + Level 7.0 Dodging
 - Level 6.2 Stealth
 + Level 2.0 Spellcasting
 * Level 6.4 Ice Magic


You had 3 spell levels left.
You knew the following spells:

 Your Spells              Type           Power      Damage    Failure   Level
a - Freeze                Ice            88%        1d10      1%          1
b - Ozocubu's Armour      Ice            22%        N/A       4%          3
c - Frozen Ramparts       Ice            44%        1d6       4%          3

Your spell library contained the following spells:

 Spells                   Type           Power      Damage    Failure   Level
 Foxfire                  Conj/Fire      4%         2x1d4     21%         1
 Conjure Flame            Conj/Fire      1%         6-21      52%         3
 Inner Flame              Hex/Fire       1%         N/A       52%         3
 Hailstorm                Conj/Ice       11%        3d5       50%         4
 Metabolic Englaciation   Hex/Ice        5%         N/A       83%         5
 Sticky Flame             Conj/Fire      1%         2d3       90%         4
 Fireball                 Conj/Fire      0%         3d3       99%         5


Dungeon Overview and Level Annotations

Branches:
Dungeon (7/15)             Temple (0/1) D:7

Altars:
Elyvilon
Gozag
Kikubaaqudgha
Uskayaw
Wu Jian
Yredelemnul
The Shining One

Shops:
D:3 *

Annotations:
D:4 Grinder
D:5 3 runed translucent doors, pkoi's ghost, amateur MiMo
D:6 Dowan
D:7 Prince Ribbit


Innate Abilities, Weirdness & Mutations

You have sharp claws.
You have razor-sharp teeth.
You have supernaturally acute eyesight. (SInv)
You cover ground quickly. (Speed+)
You are covered in thick fur. (AC +2)
Your paws help you pounce on unaware monsters.
You are incapable of wielding weapons or throwing items.
You cannot wear armour.
You gain extra lives every three experience levels.


Message History

The phantom hits you!
* * * LOW HITPOINT WARNING * * *
The phantom blinks!
You blink.
The frozen ramparts melt away as you move.
You hear a shout!
Found 14 gold pieces.
A water moccasin comes into view.
The water moccasin hisses angrily.
You scratch the water moccasin.
The water moccasin is lightly wounded.
The water moccasin completely misses you.
The water moccasin misses you.
A white imp comes into view.
The water moccasin completely misses you.
Prince Ribbit catches a millipede with his tongue.
Found a stone staircase leading up.
Found a potion of mutation.
A water moccasin comes into view.
The water moccasin moves out of view.
Found an escape hatch in the ceiling.
Prince Ribbit blinks!
Prince Ribbit blinks!
The water moccasin barely misses you.
Prince Ribbit blinks!
Prince Ribbit blinks!
There is an escape hatch in the ceiling here.
The water moccasin completely misses you.
A mysterious force pulls you upwards. The hatch slams shut behind you.
Level annotation: Dowan The water moccasin bites you.
* * * LOW HITPOINT WARNING * * *
You are lethally poisoned!
The water moccasin poisons you! The water moccasin bites you!
* * * LOW HITPOINT WARNING * * *
* * * LOW HITPOINT WARNING * * *
You feel very sick. The water moccasin bites you!
You die...
You are now level 7!
You rejoin the land of the living...
Are you sure you want to abandon this character and quit the game? (Confirm with "yes".)

........§..§.......>##.#
...##.#.§..###.#.....#.#
........§..###.......#.#
........§.....##.#####.#
........§.....'.....##.#
......##§.....##.##.##.#
#####............##....#
###..........#######
...........@#
###.....####.#
###P.#........#
....#....##### #P.+....#
###.#.g..# #........#
#..g..#### #####.....###


There were no monsters in sight!

Vanquished Creatures
  Duvessa (D:6)
  An orc warrior (D:5)
  A necrophage (D:6)
  2 ogres (D:5)
  A bullfrog (D:5)
  A scorpion (D:5)
  A water moccasin zombie (D:5)
  A water moccasin skeleton (D:5)
  A howler monkey (D:3)
  A bullfrog zombie (D:6)
  A hound (D:4)
  A jelly (D:4)
  A centaur skeleton (D:4)
  An orc priest (D:6)
  A bullfrog skeleton (D:5)
  An iguana (D:6)
  6 orc wizards
  A howler monkey zombie (D:6)
  6 adders
  A shadow imp (D:5)
  An adder skeleton (D:4)
  2 worms
  18 orcs
  3 endoplasms
  A giant cockroach (D:2)
  7 goblins
  7 hobgoblins
  11 jackals
  A quokka (D:3)
  5 ball pythons
  5 bats
  A frilled lizard (D:1)
  6 kobolds
  9 rats
108 creatures vanquished.

Vanquished Creatures (collateral kills)
  A dart slug (D:4)
1 creature vanquished.

Grand Total: 109 creatures vanquished

Notes
Turn   | Place    | Note
-------+----------+-------------------------------------------
     0 | D:1      | Strat the Felid Ice Elementalist began the quest for the
                  | Orb.
     0 | D:1      | Reached XP level 1. HP: 7/7 MP: 4/4
   417 | D:1      | Reached skill level 3 in Dodging
   477 | D:1      | Reached XP level 2. HP: 12/12 MP: 3/6
  1266 | D:2      | Reached skill level 1 in Fighting
  1638 | D:2      | Found a faded altar of an unknown god.
  1679 | D:2      | Reached XP level 3. HP: 12/15 MP: 7/7
  1832 | D:2      | Found a basalt altar of Yredelemnul.
  2344 | D:3      | Reached XP level 4. HP: 11/19 MP: 3/8
  2850 | D:3      | Learned a level 3 spell: Ozocubu's Armour
  2854 | D:3      | Learned a level 3 spell: Frozen Ramparts
  3251 | D:3      | Found Lousk's Assorted Antiques.
  3341 | D:3      | Reached skill level 4 in Dodging
  3341 | D:3      | Reached XP level 5. HP: 18/22 MP: 2/9
  3626 | D:3      | Found a basalt altar of Yredelemnul.
  4518 | D:4      | Identified a scroll of acquirement
  4518 | D:4      | Acquired 481 gold pieces
  4571 | D:4      | Noticed Grinder
  4935 | D:4      | Reached skill level 5 in Stealth
  4935 | D:4      | Gained mutation: You are covered in thick fur. (AC +2)
                  | [Felid growth]
  4935 | D:4      | Reached XP level 6. HP: 20/27 MP: 2/10
  5082 | D:4      | Found a white marble altar of Elyvilon.
  5681 | D:5      | Entered Level 5 of the Dungeon
  5723 | D:5      | Found an opulent altar of Gozag.
  5902 | D:5      | Reached skill level 5 in Dodging
  6137 | D:5      | Found an ornate altar of the Wu Jian Council.
  6564 | D:5      | Noticed an orc warrior
  6577 | D:5      | Killed an orc warrior
  6720 | D:5      | Reached skill level 5 in Ice Magic
  6720 | D:5      | Reached XP level 7. HP: 18/31 MP: 4/11
  6906 | D:5      | Identified the +5 scale mail of Anaesthesia {-Tele rPois
                  | rN+ Will+}
  6990 | D:5      | Found a hide-covered altar of Uskayaw.
  7119 | D:5      | Found an ancient bone altar of Kikubaaqudgha.
  7615 | D:5      | Reached skill level 6 in Dodging
  7914 | D:5      | Found a runed translucent gate.
  7914 | D:5      | Found a runed translucent gate.
  7914 | D:5      | Found a runed translucent gate.
  7915 | D:5      | Noticed pkoi's ghost (amateur MiMo)
  7928 | D:5      | Identified the +8 trident of Raliun {freeze, rElec SInv}
  8705 | D:6      | Found a glowing golden altar of the Shining One.
  8820 | D:6      | Noticed Duvessa
  8820 | D:6      | Noticed Dowan
  8908 | D:5      | Became a worshipper of Gozag Ym Sagoz the Greedy
  9078 | D:6      | Reached XP level 8. HP: 31/36 MP: 5/12
  9341 | D:6      | Killed Duvessa
  9659 | D:6      | Reached skill level 7 in Dodging
  9838 | D:6      | HP: 1/36 [Dowan/puff of flame (5)]
 10210 | D:7      | Found a staircase to the Ecumenical Temple.
 10211 | D:7      | Noticed Prince Ribbit
 10246 | D:6      | Slain by a water moccasin
 10247 | D:6      | Reached XP level 7. HP: -2/33 MP: 6/11
 10247 | D:6      | Quit the game

Illustrated notes

Levels and vault maps discovered:
D:1:      dpeg_arrival_three_smaller_balls, layout_basic,
          serial_co_window_serial, co_window_paths_b, co_window_paths_a,
          co_window_corner_a, co_window_corner_a, co_window_paths_b,
          co_window_corner_b, co_window_broadway_a, co_window_corner_b,
          co_window_unsneaky_path_d, co_window_broadway_a, glass_columns_b,
          glass_columns_c, minmay_tiny_reverse_x
D:2:      layout_basic, basic_altar, shapermc_ecumenical_altar_totnotflames
D:3:      layout_basic, yredelemnul_forgotten_temple_becter, serial_shops,
          shop_fountains
D:4:      layout_cave_pools, elyvilon_altar_3, serial_park, serial_park_avenue1,
          minmay_misc_feat_tower, uniq_grinder
D:5:      layout_layer_cave, lemuel_crystal_altar, lemuel_doored_altar,
          lemuel_round_altar, overflow_temple_1_default,
          gammafunk_ghost_nasty_kobolds
D:6:      layout_basic, makhleb_heckhound_becter, fedhas_altar_decomposition,
          chequers_temple_overflow_statue_of_worship, serial_undead,
          serial_undead_b, serial_undead_a, serial_undead_e, serial_undead_e,
          uniq_duvessa
D:7:      layout_rooms, minmay_temple_entry_ruins, enter_bailey_3,
          uniq_prince_ribbit1

Skill      XL: |  1  2  3  4  5  6  7  8 |
---------------+-------------------------+-----
Stealth        | 3 4 5 6 |  6.2
Dodging        | 3 4 5 6 7 |  7.0
Fighting       | 1 2 3 4 |  4.7
Ice Magic      | 4 5 6 |  6.4
Spellcasting   | |  2.0

Action                   |  1- 3 |  4- 6 |  7- 9 || total
-------------------------+-------+-------+-------++-------
Melee: Unarmed           |    26 |   165 |   174 ||   365
       Bite              |     3 |    21 |    27 ||    51
 Cast: Freeze            |    46 |    43 |    23 ||   112
       Frozen Ramparts   |       |    11 |    19 ||    30
       Ozocubu's Armour  |       |     3 |    12 ||    15
  Use: Scroll            |     2 |     8 |     8 ||    18
 Stab: Sleeping          |     6 |     5 |       ||    11
Armor: Skin              |     6 |    11 |    28 ||    45
Dodge: Dodged            |    61 |   188 |   207 ||   456

Table legend: (Time is in decaauts)
 A = Elapsed time spent in this place.
 B = Non-inter-level travel time spent in this place.
 C = Inter-level travel time spent in this place.
 D = Time resting spent in this place.
 E = Time spent auto-exploring this place.
 F = Levels seen in this place.
 G = Mean time per level.
                   A        B        C        D        E       F      G
               +--------+--------+--------+--------+--------+-----+--------+
         Total |   9236 |   8920 |    316 |   3175 |   3732 |   7 | 1319.4 |
       Dungeon |   9236 |   8920 |    316 |   3175 |   3732 |   7 | 1319.4 |
               +--------+--------+--------+--------+--------+-----+--------+

Top non-repeatable levels by time:
     D:5: 2741 daAuts
     D:3: 1926 daAuts
     D:4: 1293 daAuts
     D:1: 1069 daAuts
     D:2: 1068 daAuts
     D:6: 749 daAuts
     D:7: 387 daAuts
